 Dungeon Crawl Stone Soup version 0.27-a0-1191-g601b473118 (webtiles) character file.

Game seed: 4257139046701532487

658 polve the Slasher (level 7, 0/50 HPs)
             Began as a Demonspawn Gladiator on May 23, 2021.
             Slain by Menkaure (11 damage)
             ... on level 6 of the Dungeon.
             The game lasted 00:03:25 (4911 turns).

polve the Slasher (Demonspawn Gladiator)            Turns: 4911, Time: 00:03:25

Health: 0/50       AC: 16    Str: 16    XL:     7   Next: 29%
Magic:  7/7        EV:  7    Int:  9    God:
Gold:   137        SH:  0    Dex: 15    Spells: 6/6 levels left

rFire    . . .     SeeInvis .   a - +0 long sword
rCold    . . .     Faith    .   (no shield)
rNeg     . . .     Spirit   .   h - +1 chain mail {rPois}
rPois    +         Reflect  .   c - +0 helmet
rElec    .         Harm     .   e - +2 cloak {rPois}
rCorr    .         Rampage  .   (no gloves)
Will     .....                  (no boots)
Stlth    ..........             (no amulet)
HPRegen  0.16/turn              (no ring)
MPRegen  0.10/turn              (no ring)

@: no status effects
A: talons 1, thin metallic scales 1, demonic guardian 2
a: no special abilities


You were on level 6 of the Dungeon.
You visited 1 branch of the dungeon, and saw 5 of its levels.

You collected 137 gold pieces.

Inventory:

Hand Weapons
 a - a +0 long sword (weapon)
Missiles
 d - 3 throwing nets (quivered)
Armour
 c - a +0 helmet (worn)
 e - a +2 cloak of poison resistance (worn)
 h - a +1 chain mail of poison resistance (worn)
Jewellery
 j - a ring of wizardry
Scrolls
 b - a scroll of fear {unknown}
 f - a scroll of fog {unknown}
 g - a scroll of noise {unknown}
 i - a scroll of torment {unknown}
 k - a scroll of vulnerability {unknown}
 l - a scroll of teleportation {unknown}


   Skills:
 - Level 2.0 Fighting
 + Level 6.5 Long Blades
 - Level 1.7 Throwing
 - Level 4.0 Armour
 - Level 2.6 Dodging


You had 6 spell levels left.
You didn't know any spells.
Your spell library contained the following spells:

 Spells                   Type           Power      Damage    Failure   Level
 Animate Skeleton         Necr           0%         N/A       100%        1
 Apportation              Tloc           0%         N/A       100%        1
 Corona                   Hex            0%         N/A       100%        1
 Sandblast                Erth           0%         2d4       100%        1
 Summon Small Mammal      Summ           0%         N/A       100%        1
 Passwall                 Tmut/Erth      0%         N/A       100%        2
 Stone Arrow              Conj/Erth      0%         3d7       100%        3
 Petrify                  Tmut/Erth      0%         N/A       100%        4
 Lee's Rapid Deconstruct  Erth           0%         3d5*      100%        5


Dungeon Overview and Level Annotations

Branches:
Dungeon (4/15)
 Temple: D:4-7

Altars:

Shops:
D:2 ?   D:3 [

Annotations:
D:6 Menkaure


Innate Abilities, Weirdness & Mutations

You have sharp toenails.
You are partially covered in thin metallic scales. (AC +2)
A demonic guardian rushes to your aid.


Message History

Found a thick smoking staff and 7 bolts.
Menkaure casts a spell at you. Pain shoots through your body!
You are too injured to fight recklessly!
You are too injured to fight recklessly!
You are too injured to fight recklessly!
You are too injured to fight recklessly!
You are too injured to fight recklessly!
You are too injured to fight recklessly!
You slash the scorpion!
You claw the scorpion, but do no damage.
The scorpion is moderately wounded.
The scorpion stings you.
Menkaure hums a few words.
You aren't carrying any potions.
You aren't carrying any potions.
Unknown command.
Menkaure mumbles some strange words.
Menkaure seems to speed up.
The scorpion barely misses you.
You riposte.
You hit the scorpion but do no damage. You claw the scorpion.
The scorpion is heavily wounded.
You hit the scorpion but do no damage.
You claw the scorpion, but do no damage.
The scorpion is moderately wounded.
The scorpion closely misses you. The scorpion stings you.
You slash the scorpion!
The scorpion is severely wounded.
The scorpion closely misses you.
You hit the scorpion.
You kill the scorpion!
Menkaure hits you but does no damage.
You feel your strength returning.
You hit Menkaure but do no damage. Menkaure closely misses you.
You slash Menkaure!
Menkaure is moderately damaged.
Menkaure hits you!
* * * LOW HITPOINT WARNING * * *
A demonic guardian appears!
Menkaure hits you!
You die...

..## .........#).........
....######......))#.###...
.^.)...........>...........
......#.........###.###....
................###.# ..
.................##.#
.>#......#####)#.##.#
#>........##.#.##.#
#......##.@M......# #
##........4##...####.#
...###########.......# ..##
#....##... ## #.........
#....M..####. .............
#.|.........##
#..(........#


You could see Menkaure (fast, ally target) and a friendly ice devil (summoned).

Vanquished Creatures
  A centaur (D:6)
  2 scorpions
  A water moccasin skeleton (D:3)
  A gnoll shaman (D:6)
  A scorpion zombie (D:3)
  2 orc wizards
  4 gnolls
  3 adders
  2 adder zombies (D:3)
  An adder skeleton (D:3)
  2 worms (D:2)
  3 dart slugs (D:1)
  8 orcs
  3 endoplasms
  2 giant cockroaches (D:1)
  4 goblins
  4 hobgoblins
  6 jackals
  A quokka (D:2)
  7 ball pythons
  10 bats
  3 frilled lizards
  A giant cockroach zombie (D:3)
  11 kobolds
  7 rats
90 creatures vanquished.

Vanquished Creatures (collateral kills)
  An ogre (D:4)
  A jelly (D:6)
  Crazy Yiuf (D:3)
  5 gnolls
  An orc (D:3)
  A jackal (D:2)
  A rat (D:3)
11 creatures vanquished.

Vanquished Creatures (others)
  A fungus (D:3)
  6 withered plants (D:3)
7 creatures vanquished.

Grand Total: 108 creatures vanquished

Notes
Turn   | Place    | Note
-------+----------+-------------------------------------------
     0 | D:1      | polve the Demonspawn Gladiator began the quest for the Orb.
     0 | D:1      | Reached XP level 1. HP: 16/16 MP: 1/1
    65 | D:1      | Reached skill level 3 in Long Blades
   232 | D:1      | Gained mutation: You have sharp toenails. [demonic
                  | ancestry]
   232 | D:1      | Reached XP level 2. HP: 20/22 MP: 2/2
   516 | D:1      | Reached skill level 1 in Armour
   911 | D:1      | Gained mutation: A weak demonic guardian rushes to your
                  | aid. [demonic ancestry]
   911 | D:1      | Reached XP level 3. HP: 24/27 MP: 3/3
  2181 | D:2      | Found a faded altar of an unknown god.
  2235 | D:2      | Found Mumucs's Magic Scroll Shoppe.
  2245 | D:2      | Reached XP level 4. HP: 30/33 MP: 4/4
  2391 | D:3      | Reached skill level 4 in Long Blades
  2426 | D:3      | Gained mutation: A demonic guardian rushes to your aid.
                  | [demonic ancestry]
  2426 | D:3      | Reached XP level 5. HP: 23/38 MP: 5/5
  3018 | D:3      | Found Kiqim's Armour Shop.
  3760 | D:3      | Found a runed translucent door.
  3761 | D:3      | Noticed Crazy Yiuf
  3772 | D:3      | Killed Crazy Yiuf
  3773 | D:3      | Gained mutation: You are partially covered in thin metallic
                  | scales. (AC +2) [demonic ancestry]
  3773 | D:3      | Reached XP level 6. HP: 25/44 MP: 6/6
  4073 | D:4      | Reached skill level 5 in Long Blades
  4545 | D:4      | You fall into a shaft and drop 2 floors!
  4691 | D:6      | Reached XP level 7. HP: 31/50 MP: 7/7
  4720 | D:6      | Reached skill level 6 in Long Blades
  4898 | D:6      | Noticed Menkaure
  4911 | D:6      | Slain by Menkaure

Illustrated notes

Levels and vault maps discovered:
D:1:      minmay_arrival_checkered_box, layout_basic,
          minmay_misc_feat_four_crosses, solitary_fountain,
          serial_bayou_crossing
D:2:      kb_forest_paths, layout_rooms, serial_shops, shop,
          shapermc_ecumenical_altar_mp_highgroup
D:3:      layout_loops_cross, serial_shops, nicolae_shop_crystal, serial_undead,
          serial_undead_f, serial_undead_d, serial_undead_a, serial_undead_f,
          serial_undead_b, serial_undead_f, serial_undead_f,
          minmay_misc_feat_rows, uniq_crazy_yiuf_cottage
D:4:      layout_basic, gammafunk_ghost_cemetery
D:6:      cheibrodos_two_vegetables, layout_rooms, uniq_menkaure

Skill      XL: |  1  2  3  4  5  6  7 |
---------------+----------------------+-----
Long Blades    | 3 4 5 6 |  6.5
Armour         | 1 2 3 4 |  4.0
Fighting       | |  2.0
Throwing       | |  1.7
Dodging        | |  2.6

Action                   |  1- 3 |  4- 6 |  7- 9 || total
-------------------------+-------+-------+-------++-------
Melee: Long sword        |   114 |   149 |    11 ||   274
       Kick              |    23 |    53 |     6 ||    82
  Use: Potion            |       |     3 |       ||     3
Armor: Chain mail        |   109 |   110 |    17 ||   236
       Leather armour    |     2 |       |       ||     2
Dodge: Dodged            |    62 |    66 |    10 ||   138
       Rpst.: Long sword |    17 |    20 |     2 ||    39

Table legend: (Time is in decaauts)
 A = Elapsed time spent in this place.
 B = Non-inter-level travel time spent in this place.
 C = Inter-level travel time spent in this place.
 D = Time resting spent in this place.
 E = Time spent auto-exploring this place.
 F = Levels seen in this place.
 G = Mean time per level.
                   A        B        C        D        E       F      G
               +--------+--------+--------+--------+--------+-----+--------+
         Total |   4976 |   4886 |     90 |      0 |   4194 |   5 |  995.2 |
       Dungeon |   4976 |   4886 |     90 |      0 |   4194 |   5 |  995.2 |
               +--------+--------+--------+--------+--------+-----+--------+

Top non-repeatable levels by time:
     D:3: 1616 daAuts
     D:1: 1382 daAuts
     D:2: 987 daAuts
     D:4: 619 daAuts
     D:6: 370 daAuts
